 Dungeon Crawl Stone Soup version 0.32-a0-355-ged53ad6fd3 (webtiles) character file.

Game seed: 822536679342298551

4735 EC1 the Basher (level 10, -1/90 HPs)
             Began as a Minotaur Fighter on Feb 18, 2024.
             Was a Follower of Trog.
             Slain by a hornet (5 damage)
             ... on level 10 of the Dungeon.
             The game lasted 00:26:50 (11088 turns).

EC1 the Basher (Minotaur Fighter)                  Turns: 11088, Time: 00:26:52

Health: -1/90      AC: 11    Str: 25    XL:     10   Next: 22%
Magic:  9/9        EV: 10    Int: 11    God:    Trog [*.....]
Gold:   2613       SH:  5    Dex: 12    Spells: 9/9 levels left

rFire   . . .        s - +5 flail (heavy)
rCold   . . .        c - +0 buckler
rNeg    + . .        j - +0 chain mail
rPois   .            (helmet restricted)
rElec   .            (no cloak)
rCorr   .            (no gloves)
SInv    +            (no boots)
Will    .....        (no amulet) Stlth
                     f - ring "Jofuk" {Int+6 Dex+2 SInv}
HPRegen 0.35/turn    z - ring of positive energy
MPRegen 0.11/turn

%: no passive effects
@: mighty, lethally poisoned (-1 -> -11), slowed, very slow
A: horns 2, retaliatory headbutt
a: Renounce Religion, Berserk


You were on level 10 of the Dungeon.
You worshipped Trog.
Trog was aware of your devotion.
You visited 1 branch of the dungeon, and saw 10 of its levels.
You also visited: Ossuary.

You collected 2821 gold pieces.
You spent 208 gold pieces at shops.

Inventory:

Hand Weapons
 a - a +2 flail
 i - a +2 falchion of holy wrath
 n - a +0 morningstar
 o - a +1 mace of draining
 s - a +5 heavy flail (weapon)
 w - a +1 great sword
 E - a +4 spear
 S - a +0 great mace
Armour
 b - a +0 scale mail
 c - a +0 buckler (worn)
 j - a +0 chain mail (worn)
 u - +0 steam dragon scales
 v - a +0 helmet
Jewellery
 f - the ring "Jofuk" (left hand) {Int+6 Dex+2 SInv}
   (You acquired it on level 2 of the Dungeon)

   [ring of intelligence]

   Int+6:     It affects your intelligence (+6).
   Dex+2:     It affects your dexterity (+2).
   SInv:      It lets you see invisible.
 h - a ring of ice
 l - a ring of protection from fire
 z - a ring of positive energy (right hand)
 T - a +6 ring of dexterity
Talismans
 C - a granite talisman
 R - a dragon-blood talisman
Wands
 q - a wand of polymorph (28) (quivered)
 G - a wand of digging (13)
 H - a wand of flame (47)
 N - a wand of acid (4)
Scrolls
 p - 2 scrolls of noise
 r - 3 scrolls of teleportation
 t - 3 scrolls of identify
 x - a scroll of enchant armour
 y - a scroll of summoning
 I - a scroll of poison
 J - a scroll of blinking
 L - a scroll of immolation
 M - a scroll of vulnerability
 O - a scroll of enchant weapon
 Q - a scroll of amnesia
Potions
 e - 2 potions of lignification
 g - 2 potions of degeneration
 k - 4 potions of mutation
 m - 2 potions of curing
 A - 3 potions of attraction
 B - a potion of enlightenment
 D - a potion of haste
 K - a potion of invisibility
 P - a potion of magic


   Skills:
 + Level 8.4 Fighting
 + Level 10.8 Maces & Flails
 + Level 10.4 Armour
 + Level 4.1 Dodging
 + Level 1.5 Stealth
 + Level 6.7 Shields


You had 9 spell levels left.
You didn't know any spells.
Your spell library contained the following spells:

 Spells                   Type           Power      Damage    Failure   Level
 Apportation              Tloc           0%         N/A       86%         1
 Necrotise                Necr           0%         1d4       86%         1
 Sandblast                Erth           0%         2d4       86%         1
 Sting                    Conj/Alch      0%         1d3       86%         1
 Summon Small Mammal      Summ           0%         N/A       86%         1
 Passwall                 Erth           0%         N/A       99%         3
 Stone Arrow              Conj/Erth      0%         3d7       99%         3
 Anguish                  Hex/Necr       0%         N/A       100%        4
 Brom's Barrelling Bould  Conj/Erth      0%         2d3       100%        4
 Cause Fear               Hex            0%         N/A       100%        4
 Enfeeble                 Hex            0%         N/A       100%        7


Dungeon Overview and Level Annotations

Branches:
Dungeon (10/15)            Temple (0/1) D:7            Lair (0/5) D:9
    Orc (0/2) D:9         Ossuary (visited)

Altars:
Ashenzari
Dithmenos
Kikubaaqudgha
Trog
Uskayaw
Wu Jian
Xom

Shops:
D:3 !   D:6 ?   D:7 [


Innate Abilities, Weirdness & Mutations

You have a pair of horns on your head.
You reflexively headbutt those who attack you in melee.


Message History

The hornet stings you!
* * * LOW HITPOINT WARNING * * *
You feel yourself slow down.
You closely miss the hornet. Your headbutt misses the hornet.
You feel yourself speed up. The hornet barely misses you.
The hornet stings you but does no damage.
The hornet stings you!
* * * LOW HITPOINT WARNING * * *
You feel yourself slow down.
You feel much better. The hornet stings you.
You feel as though you will be slow longer.
You block the hornet's attack.
The hornet stings you but does no damage.
Okay, then.
You closely miss the hornet. Your headbutt misses the hornet.
The hornet stings you but does no damage. x2
The hornet stings you!
* * * LOW HITPOINT WARNING * * *
You are poisoned.
You suddenly lose the ability to move!
You feel sick.
The hornet stings you but does no damage.
You can move again.
You hit the hornet.
The hornet is lightly wounded.
You feel very sick. You block the hornet's attack. The hornet stings you.
* * * LOW HITPOINT WARNING * * *
You are lethally poisoned!
You feel as though you will be slow longer.
The hornet stings you but does no damage.
You feel very mighty all of a sudden.
* * * LOW HITPOINT WARNING * * *
You feel very sick. The hornet stings you.
* * * LOW HITPOINT WARNING * * *
You feel as though you will be slow longer.
The hornet stings you.
You die...

#>......<.......#
#...............#
#...............#
#...............#
##.............##
##.....#YYY..##
###.####Y#### #.
#y# #. #@## ##
###. #..# .#
.#... ##.#
.####...# .# #.#
.......# ..##.#
.......# #.##.#
.......# #.##.#
##.###.# #.##.#
##.....# #.##.#


You could see 4 yaks and a hornet.

Vanquished Creatures
  2 trolls
  A hornet (D:7)
  Grinder (D:4)
  A wyvern (D:8)
  A steam dragon (D:6)
  3 vampire mosquitoes (D:10)
  An acid dragon (D:6)
  A water moccasin (D:9)
  An orc warrior (D:9)
  2 black bears
  A sky beast (D:8)
  An ogre (D:5)
  2 centaurs
  2 kobold brigands
  3 bullfrogs
  A gnoll sergeant (D:8)
  6 scorpions
  2 burial acolytes (Ossuary)
  7 wights
  A howler monkey (D:7)
  2 electric eels (D:6)
  2 bombardier beetles
  4 hounds
  5 orc priests
  A jelly (D:7)
  A gnoll bouda (D:7)
  2 iguanas (D:5)
  8 orc wizards
  8 gnolls
  8 adders
  3 white imps
  An adder skeleton (Ossuary)
  A dart slug (D:5)
  2 ribbon worms
  34 orcs
  6 endoplasms
  A giant cockroach (D:4)
  7 goblins
  6 hobgoblins
  10 jackals
  3 quokkas
  6 ball pythons
  A ball python skeleton (Ossuary)
  2 bats
  2 frilled lizards
  A hobgoblin skeleton (Ossuary)
  23 kobolds
  2 kobold skeletons (Ossuary)
  3 orc skeletons (Ossuary)
  4 rats
199 creatures vanquished.

Vanquished Creatures (others)
  An arcanist (D:6)
  An orc wizard (D:3)
  An adder (D:6)
3 creatures vanquished.

Grand Total: 202 creatures vanquished

Notes
Turn   | Place    | Note
-------+----------+-------------------------------------------
     0 | D:1      | EC1 the Minotaur Fighter began the quest for the Orb.
     0 | D:1      | Reached XP level 1. HP: 19/19 MP: 0/0
   393 | D:1      | Reached XP level 2. HP: 27/27 MP: 1/1
   572 | D:1      | Reached skill level 1 in Dodging
   973 | D:1      | Reached XP level 3. HP: 31/33 MP: 2/2
  1061 | D:2      | Found an ornate altar of the Wu Jian Council.
  1613 | D:2      | Reached XP level 4. HP: 39/41 MP: 3/3
  1943 | D:2      | Identified a scroll of acquirement
  1943 | D:2      | Acquired the ring "Jofuk" {Int+6 Dex+2 SInv}
  2300 | D:3      | Found a faded altar of an unknown god.
  2359 | D:3      | Reached XP level 5. HP: 35/47 MP: 4/4
  2647 | D:3      | Reached skill level 5 in Armour
  2814 | D:3      | Found Hevuluw's Distillery.
  2996 | D:3      | Found a shimmering altar of Xom.
  2997 | D:3      | Found a shadowy altar of Dithmenos.
  3749 | D:4      | Noticed a black bear
  3766 | D:4      | Reached skill level 5 in Fighting
  3766 | D:4      | Reached XP level 6. HP: 56/56 MP: 5/5
  3904 | D:4      | Noticed Grinder
  3911 | D:4      | Killed Grinder
  3912 | D:4      | Reached skill level 5 in Maces & Flails
  3912 | D:4      | Reached XP level 7. HP: 59/62 MP: 6/6
  4109 | D:4      | Reached skill level 5 in Shields
  4127 | D:4      | Found a hide-covered altar of Uskayaw.
  4445 | D:4      | Acquired a +3 heavy flail
  4561 | D:5      | Entered Level 5 of the Dungeon
  5019 | D:5      | Reached XP level 8. HP: 70/70 MP: 7/7
  5291 | D:6      | Found a broken altar of Ashenzari.
  5721 | D:6      | Found Ucrass's Magic Scroll Boutique.
  5732 | D:6      | Bought a scroll of enchant weapon for 82 gold pieces
  5732 | D:6      | Bought a scroll of identify for 22 gold pieces
  5732 | D:6      | Bought a scroll of enchant armour for 82 gold pieces
  5732 | D:6      | Bought a scroll of identify for 22 gold pieces
  5830 | D:6      | Found a sand-covered staircase.
  5836 | Ossuary  | Entered an ossuary
  6028 | Ossuary  | Reached XP level 9. HP: 24/76 MP: 8/8
  6353 | Ossuary  | Acquired 1188 gold pieces
  6928 | D:6      | Reached skill level 1 in Stealth
  7520 | D:6      | Found a bloodstained altar of Trog.
  7523 | D:6      | Noticed a wizard
  7529 | D:6      | Killed a wizard
  7637 | D:6      | Became a worshipper of Trog the Wrathful
  8065 | D:7      | Found a staircase to the Ecumenical Temple.
  8523 | D:7      | Found a transporter.
  8523 | D:7      | Found Beskoag's Antique Armour Shop.
  8570 | D:7      | Found a transporter.
  8892 | D:8      | Reached skill level 10 in Maces & Flails
  8912 | D:8      | Reached * piety under Trog
  9619 | D:8      | Acquired 1101 gold pieces
  9869 | D:9      | Found a staircase to the Lair.
  9871 | D:9      | Found a staircase to the Orcish Mines.
 10114 | D:9      | Noticed a troll
 10119 | D:9      | Killed a troll
 10235 | D:9      | Reached XP level 10. HP: 77/88 MP: 9/9
 10396 | D:9      | Found an ancient bone altar of Kikubaaqudgha.
 10863 | D:9      | Reached skill level 10 in Armour
 10905 | D:10     | Entered Level 10 of the Dungeon
 11085 | D:10     | Paralysed by a hornet for 3 turns
 11088 | D:10     | HP: 4/90 [hornet (1)]
 11088 | D:10     | Slain by a hornet

Illustrated notes

Levels and vault maps discovered:
D:1:      dpeg_arrival_water_temple_mockup, layout_basic, serial_corexii_hall,
          chequers_hall_statues_y, corexii_hall_statues_l,
          palyth_stone_intersect, minivault_23, corner_web_ring
D:2:      layout_loops_corners, basic_altar, serial_bayou_lake_a
D:3:      layout_basic, mainiacjoe_overflow_divided_tiny,
          shapermc_ecumenical_altar_notcrosses, serial_shops,
          nicolae_shop_tiny_real_fake_doors, portal_sewer_entry_e
D:4:      layout_loops_cross, nicolae_uskayaw_murder_on_the_dancefloor,
          st_stairs_11, uniq_grinder
D:5:      layout_loops_cross
D:6:      layout_basic, trog_wizard, mainiacjoe_overflow_tiny_flanked,
          enter_ossuary_2, serial_shops, shop, serial_bayou_lagoon_b
D:7:      layout_basic, temple_green, serial_shops, nicolae_shop_drivethru
D:8:      layout_cave_pools, serial_column_ruins, column_ruins_hut,
          column_ruins_open_small, column_ruins_grid_1,
          column_ruins_corridor_dead_end, column_ruins_open_medium,
          column_ruins_corridor_corner
D:9:      layout_irregular_city, nicolae_kikubaaqudgha_miasma_corner,
          dpeg_oklobed_lair
D:10:     layout_rooms, grunt_temple_overflow_holy_war

Skill      XL: |  1  2  3  4  5  6  7  8  9 10 |
---------------+-------------------------------+-----
Fighting       | 4 5 6 7 8 |  8.4
Armour         | 4 5 7 9 10 | 10.4
Dodging        | 1 2 3 4 |  4.1
Shields        | 4 5 6 |  6.7
Maces & Flails | 3 4 5 6 8 10 | 10.8
Stealth        | 1 |  1.5

Action                     |  1- 3 |  4- 6 |  7- 9 | 10-12 || total
---------------------------+-------+-------+-------+-------++-------
  Melee: Flail             |    93 |    96 |   212 |    38 ||   439
         Headbutt          |    13 |    10 |    26 |     5 ||    54
    Use: Scroll            |     3 |     9 |    19 |     2 ||    33
         Potion            |       |     1 |     4 |     2 ||     7
 Armour: Scale mail        |     3 |       |       |       ||     3
         Chain mail        |    87 |   102 |   258 |    49 ||   496
  Dodge: Dodged            |    36 |    55 |   144 |    26 ||   261
  Block: Buckler           |    29 |    33 |    79 |    23 ||   164

Table legend: (Time is in decaauts)
 A = Elapsed time spent in this place.
 B = Non-inter-level travel time spent in this place.
 C = Inter-level travel time spent in this place.
 D = Time resting spent in this place.
 E = Time spent auto-exploring this place.
 F = Levels seen in this place.
 G = Mean time per level.
                   A        B        C        D        E       F      G
               +--------+--------+--------+--------+--------+-----+--------+
         Total |  11308 |  11308 |      0 |   1358 |   5406 |  11 | 1028.0 |
       Dungeon |  10410 |  10410 |      0 |   1200 |   5313 |  10 | 1041.0 |
       Ossuary |    897 |    897 |      0 |    158 |     93 |   1 |  897.0 |
               +--------+--------+--------+--------+--------+-----+--------+

Top non-repeatable levels by time:
     D:6: 1861 daAuts
     D:3: 1592 daAuts
     D:2: 1182 daAuts
     D:9: 1162 daAuts
     D:1: 1051 daAuts
     D:7: 966 daAuts
 Ossuary: 897 daAuts
     D:8: 890 daAuts
     D:4: 820 daAuts
     D:5: 694 daAuts
    D:10: 189 daAuts
